 Dungeon Crawl Stone Soup version 0.20-a0-351-gc9b4002 (webtiles) character file.

175083 Graouh the Minotaur Blade (level 17, -5/160 HPs)
             Began as a Minotaur Fighter on Dec 25, 2016.
             Was the Champion of Trog.
             Killed from afar by a purple draconian stormcaller (illusionary) (28 damage)
             ... on level 3 of the Abyss.
             The game lasted 01:28:40 (24847 turns).

Graouh the Minotaur Blade (Minotaur Fighter)       Turns: 24847, Time: 01:28:41

Health: -5/160     AC: 46    Str: 28      XL:     17   Next: 46%
Magic:  5/5        EV: 12    Int:  7 (9)  God:    Trog [******]
Gold:   905        SH: 25    Dex: 16      Spells: 16/16 levels left

rFire  + + .     SeeInvis .     Y - +6 demon blade (antimagic)
rCold  + . .     Gourm    .     N - +27 Lear's hauberk
rNeg   + . .     Faith    .     q - +2 large shield {AC+3}
rPois  +         Spirit   .     (helmet currently unavailable)
rElec  +         Reflect  .     U - +1 cloak of Catatonia {rElec Str-2 Int+4 Dex+4}
rCorr  +         Harm     .     (gloves currently unavailable)
MR     ++++.     Rnd*Tele +     (boots currently unavailable)
Stlth  ..........               e - amulet of regeneration
                                k - +6 ring of slaying
                                P - ring "Luysyuhon" {Wiz rF+ rN+ MR+ Str+4}

@: resistant, regenerating, studying Long Blades
A: retaliatory headbutt, horns 2, teleportitis 1
a: Berserk, Trog's Hand, Brothers in Arms, Burn Spellbooks, Renounce Religion


You were on level 3 of the Abyss.
You worshipped Trog.
Trog was exalted by your worship.
You were very hungry.

You visited 6 branches of the dungeon, and saw 27 of its levels.
You visited the Abyss 1 time.
You also visited: Labyrinth, Ossuary and Volcano.

You collected 3018 gold pieces.
You spent 2113 gold pieces at shops.

Inventory:

Hand Weapons
 Y - a +6 antimagic demon blade (weapon)
 Z - a +4 scimitar of flaming
Armour
 q - a +2 large shield of protection (worn)
 u - the +2 pair of boots of Nacyar {*Slow Regen+ Dex+7 Slay-6}
   (You bought it in a shop on level 1 of the Elven Halls)

   It affects your dexterity (+7).
   It affects your accuracy and damage with ranged weapons and melee attacks
   (-6).
   It increases your rate of regeneration.
   It may slow you when you take damage.
 z - the +1 plate armour of Hospitality {rF- rCorr Str+4 Int+4}
   (You found it on level 7 of the Dungeon)

   It affects your strength (+4).
   It affects your intelligence (+4).
   It makes you vulnerable to fire.
   It protects you from acid and corrosion.
 N - the +27 Lear's hauberk (worn)
   (You found it on level 7 of the Dungeon)
 U - the +1 cloak of Catatonia (worn) {rElec Str-2 Int+4 Dex+4}
   (You bought it in a shop on level 9 of the Dungeon)

   It affects your strength (-2).
   It affects your intelligence (+4).
   It affects your dexterity (+4).
   It insulates you from electricity.
Jewellery
 e - an amulet of regeneration (around neck)
 k - a +6 ring of slaying (right hand)
 p - an uncursed ring of protection from magic
 r - a +3 ring of protection
 y - an uncursed ring of teleportation
 B - an uncursed ring of resist corrosion
 P - the ring "Luysyuhon" (left hand) {Wiz rF+ rN+ MR+ Str+4}
   (You found it on level 12 of the Dungeon)

   [ring of wizardry]

   It improves your spell success rate.
   It affects your strength (+4).
   It protects you from fire.
   It protects you from negative energy.
   It affects your resistance to hostile enchantments.
Wands
 K - a wand of disintegration (10/24)
Scrolls
 g - 13 scrolls of teleportation
 o - 9 scrolls of remove curse
 F - 4 scrolls of blinking
 H - 5 scrolls of recharging
 I - 2 scrolls of magic mapping
 J - 3 scrolls of fear
 T - 2 scrolls of enchant armour {unknown}
 X - a scroll of brand weapon {unknown}
Potions
 b - a potion of cure mutation
 h - a potion of lignification
 i - a potion of beneficial mutation
 l - 5 potions of flight
 m - 4 potions of might
 v - 5 potions of heal wounds
 x - 19 potions of curing
 C - a potion of ambrosia
 Q - 2 potions of invisibility
 R - 6 potions of haste
 S - a potion of resistance
Books
 d - a manual of Long Blades
 n - a Necronomicon

   Spells                             Type                      Level
   a - Haunt                          Necromancy/Summoning         7
   b - Borgnjor's Revivification      Necromancy                   8
   c - Death's Door                   Charms/Necromancy            8
   d - Infestation                    Necromancy                   8
   e - Necromutation                  Transmutation/Necromancy     8
   Trog disapproves of the use of such an item.
 s - a book of Enchantments

   Spells                             Type                      Level
   a - Cause Fear                     Hexes                        4
   b - Yara's Violent Unravelling     Hexes/Transmutation          5
   c - Silence                        Hexes/Air                    5
   d - Deflect Missiles               Charms/Air                   6
   e - Discord                        Hexes                        8
   Trog disapproves of the use of such an item.
Miscellaneous
 j - a phantom mirror
Comestibles
 a - 9 royal jellies
 f - 8 bread rations
 t - 5 beef jerkies
 w - 2 slices of pizza
 A - 24 fruits
 D - 8 meat rations


   Skills:
 + Level 16.7 Fighting
 * Level 21.2 Long Blades
   Level 3.4 Axes
 + Level 14.7 Armour
 + Level 7.3 Dodging
 + Level 2.5 Stealth
 + Level 18.1 Shields
 + Level 1.5 Evocations


You had 16 spell levels left.
You didn't know any spells.

Dungeon Overview and Level Annotations

Branches:
Dungeon (15/15)            Temple (1/1) D:5            Lair (6/6) D:10
 Shoals (0/4) Lair:2       Spider (0/4) Lair:4        Slime (0/5) Lair:5
    Orc (2/2) D:10            Elf (2/3) Orc:2        Vaults (0/5) D:13
 Depths (1/5) D:15

Altars:
Ashenzari
Cheibriados
Dithmenos
Elyvilon
Fedhas
Gozag
Hepliaklqana
Kikubaaqudgha
Makhleb
Nemelex Xobeh
Okawaru
Qazlal
Ru
Sif Muna
Trog
Uskayaw
Vehumet
Xom
Yredelemnul
Zin
The Shining One
Beogh

Shops:
D:9 [%*   Orc:2 *}:[   Elf:1 ([:**


Innate Abilities, Weirdness & Mutations

You reflexively headbutt those who attack you in melee.
You have a pair of horns on your head.
You are occasionally teleported next to monsters.


Message History

The rakshasa weaves an illusion.
Your stone giant hits the death drake!!!
The death drake dies!
The death drake's corpse disappears in a puff of smoke!
You slice the shadow demon!!
You kill the shadow demon!
Trog accepts your kill.
The sun demon disappears in a puff of smoke!
The ynoxinul disappears in a puff of smoke!
The Hell Sentinel dissolves into shadows!
The raiju dissolves into shadows!
The purple draconian stormcaller calls down the wrath of Qazlal upon you.
Qazlal smites you!
* * * LOW HITPOINT WARNING * * *
Your stone giant hits the boggart.
Unknown command.
Your stone giant hits the purple draconian stormcaller!!
The purple draconian stormcaller calls down the wrath of Qazlal upon you.
The blast of magma engulfs you! You partially resist.
You die...

. .. ... . # . .
# .. ... # #. ...
.. . .. . .. ...
. ### # ' #. .
###.# # #. .. #
#..@#....._.#....
#...#.. . .. .. .
# ##...#XX# #
#... .
#.#q##X4..5: ...
##.C.# ..h.. ...
#....g..5...
#...#R§#####
##≈##qq#
......k5.


You could see a purple draconian stormcaller and a friendly stone giant
(berserk).

Vanquished Creatures
  Kirke (D:12)
  A dire elephant (Lair:6)
  A deep elf demonologist (Elf:1)
  A deep elf death mage (Elf:2)
  2 ogre magi (Orc:2)
  A minotaur (Lab)
  Erolcha (Orc:2)
  4 deep elf high priests
  9 hydras
  Fannar (Lair:2)
  A great orb of eyes (Abyss:3)
  The ghost of Duffy the Cleaver, a journeyman FoWn of Cheibriados (D:10)
  Erica (D:9)
  A catoblepas (Lair:6)
  5 vault guards (D:13)
  A death knight (D:13)
  6 centaur warriors
  14 two-headed ogres
  3 death yaks (Lair:6)
  A deep troll shaman (Lair:6)
  8 dancing weapons
  2 orc high priests
  9 deep elf knights (Elf:1)
  A wretched star (Abyss:3)
  2 cherubim (D:15)
  2 deep trolls (Orc:2)
  A shadow demon (Abyss:3)
  3 unseen horrors
  A glowing orange brain (D:15)
  A phantasmal warrior (D:13)
  A wizard (D:14)
  8 deep elf archers
  The ghost of Protee the Ducker, a novice OpCj (D:7)
  16 ugly things
  29 deep elf magi
  An orc sorcerer (D:13)
  A shining eye (shapeshifter) (D:15)
  6 oklob plants (Lair:5)
  6 cyclopes
  6 elephants
  5 manticores
  2 guardian serpents (D:14)
  A black mamba (Lair:5)
  2 molten gargoyles (Volcano)
  A toenail golem (Volcano)
  3 gargoyles
  3 centaur skeletons (D:13)
  8 spiny frogs
  4 rime drakes
  4 komodo dragons
  2 freezing wraiths (D:13)
  A kobold demonologist (D:14)
  2 efreet (Volcano)
  A demonic crawler (Lair:4)
  14 trolls
  A tengu conjurer (D:15)
  A merfolk (shapeshifter) (D:15)
  4 hornets (D:10)
  5 slime creatures (D:15)
  23 blink frogs
  A polar bear (Lair:6)
  A snapping turtle (Lair:2)
  12 hippogriffs
  8 dream sheep
  2 air elementals (Elf:2)
  3 shadows
  2 wraiths (D:11)
  A ynoxinul (Abyss:3)
  A vampire (D:11)
  4 water elementals
  A wyvern (D:12)
  The ghost of Graouh the Covered, an amateur MiFi (D:4)
  3 basilisks
  A fire bat (shapeshifter) (D:15)
  41 yaks
  5 fire elementals (Volcano)
  A human (D:13)
  3 hungry ghosts
  Grum (D:8)
  12 swamp worms (Lair:3)
  A soldier ant (D:11)
  9 water moccasins
  12 porcupines
  A hornet zombie (D:5)
  2 sky beasts
  12 orc warriors
  2 ice beasts (D:9)
  4 phantoms
  3 black bears
  An eye of draining (D:9)
  A necrophage (D:9)
  26 ogres
  9 wolves
  16 centaurs
  12 crocodiles
  3 big kobolds
  21 bullfrogs
  A wyvern zombie (D:14)
  6 earth elementals
  A small abomination (Abyss:3)
  7 scorpions
  3 howler monkeys
  3 vampire bats (Lair:5)
  16 wights
  9 electric eels
  7 crimson imps
  6 hounds
  2 jellies
  6 centaur zombies
  8 orc priests
  2 bullfrog skeletons
  Terence (D:3)
  3 iguanas
  13 orc wizards
  4 hell rats (Lair:4)
  11 worker ants
  A killer bee zombie (D:5)
  2 big kobold zombies (Ossuary)
  A hound skeleton (D:6)
  8 mummies (Ossuary)
  2 worker ant zombies
  9 gnolls
  10 adders
  5 shadow imps
  A white imp (Abyss:3)
  2 oozes
  An adder skeleton (D:7)
  12 worms
  The ghost of 4thArraOfDagon the Chopper, a weakling FoGl of Xom (D:3)
  3 dart slugs (D:1)
  2 leopard geckos
  67 orcs
  2 ball pythons
  11 bats
  5 giant cockroaches
  2 gnoll zombies (Ossuary)
  5 goblins
  5 hobgoblins
  12 jackals
  5 quokkas
  7 frilled lizards
  2 hobgoblin zombies (Ossuary)
  24 kobolds
  A kobold zombie (Ossuary)
  An orc zombie (Ossuary)
  A quokka skeleton (D:4)
  6 rats
  5 plants
817 creatures vanquished.

Vanquished Creatures (collateral kills)
  A thrashing horror (Abyss:3)
1 creature vanquished.

Vanquished Creatures (others)
  A cacodemon (Abyss:3)
  A wyvern zombie (D:12)
  2 fire vortices (Volcano)
  A fungus (Lair:5)
  6 plants
11 creatures vanquished.

Grand Total: 829 creatures vanquished

Notes
Turn   | Place    | Note
-------+----------+-------------------------------------------
     0 | D:1      | Graouh the Minotaur Fighter began the quest for the Orb.
     0 | D:1      | Reached XP level 1. HP: 19/19 MP: 0/0
    54 | D:1      | Reached XP level 2. HP: 19/27 MP: 1/1
   228 | D:1      | Reached skill level 3 in Long Blades
   315 | D:1      | Reached XP level 3. HP: 33/33 MP: 2/2
  1079 | D:3      | Noticed 4thArraOfDagon's ghost (weakling FoGl)
  1085 | D:3      | Killed 4thArraOfDagon's ghost
  1211 | D:3      | Reached XP level 4. HP: 40/40 MP: 3/3
  1273 | D:3      | Noticed Terence
  1285 | D:3      | Killed Terence
  1546 | D:4      | Noticed Graouh's ghost (amateur MiFi)
  1558 | D:4      | Killed Graouh's ghost
  1558 | D:4      | Reached skill level 4 in Long Blades
  1558 | D:4      | Reached skill level 1 in Dodging
  1558 | D:4      | Reached skill level 5 in Shields
  1558 | D:4      | Reached XP level 5. HP: 11/47 MP: 4/4
  1847 | D:4      | Reached skill level 5 in Long Blades
  1847 | D:4      | Reached XP level 6. HP: 42/53 MP: 5/5
  1928 | D:4      | Reached skill level 5 in Armour
  2248 | D:4      | Reached XP level 7. HP: 60/60 MP: 6/6
  2364 | D:5      | Entered Level 5 of the Dungeon
  2400 | D:5      | Reached skill level 6 in Long Blades
  2418 | D:5      | Found a staircase to the Ecumenical Temple.
  2430 | Temple   | Entered the Ecumenical Temple
  2617 | Temple   | Became a worshipper of Trog the Wrathful
  2676 | D:5      | Reached skill level 5 in Fighting
  2839 | D:5      | Reached skill level 7 in Long Blades
  2840 | D:5      | Reached * piety under Trog
  2914 | D:5      | Reached XP level 8. HP: 22/69 MP: 7/7
  3950 | D:7      | Noticed Protee's ghost (novice OpCj)
  3970 | D:7      | Killed Protee's ghost
  3970 | D:7      | Reached skill level 8 in Long Blades
  4014 | D:7      | Reached ** piety under Trog
  4029 | D:7      | Found a sand-covered staircase.
  4037 | Ossuary  | Entered an ossuary
  4047 | Ossuary  | Reached XP level 9. HP: 75/78 MP: 8/8
  4530 | D:7      | Got a twisted plate armour
  4547 | D:7      | Identified the cursed +1 plate armour of Hospitality {rF- rCorr Str+4 Int+4} (You found it on level 7 of the Dungeon)
  4792 | D:7      | Reached skill level 9 in Long Blades
  5014 | D:8      | Reached *** piety under Trog
  5353 | D:8      | Noticed a troll
  5361 | D:8      | Killed a troll
  5391 | D:8      | Noticed Grum
  5393 | D:8      | Reached skill level 10 in Long Blades
  5406 | D:8      | Killed Grum
  5844 | D:9      | Reached XP level 10. HP: 86/86 MP: 0/9
  5862 | D:9      | Found an iron altar of Okawaru.
  5881 | D:9      | Found Cate's Assorted Antiques.
  5895 | D:9      | Bought a bubbling blue potion for 22 gold pieces
  5895 | D:9      | Bought a scroll labeled LONGYI PACYSUT for 25 gold pieces
  5895 | D:9      | Bought a bubbling blue potion for 22 gold pieces
  5895 | D:9      | Bought a bubbling blue potion for 22 gold pieces
  5895 | D:9      | Bought a glowing cloak for 262 gold pieces
  5927 | D:9      | Found Waewir's Antique Armour Emporium.
  5956 | D:9      | Found Afirry's Food Shoppe.
  5975 | D:9      | Noticed a two-headed ogre
  5991 | D:9      | Killed a two-headed ogre
  6032 | D:9      | Found a burning altar of Makhleb.
  6032 | D:9      | Noticed Erica
  6059 | D:9      | Killed Erica
  6059 | D:9      | Reached **** piety under Trog
  6059 | D:9      | Reached skill level 11 in Long Blades
  6305 | D:9      | Noticed a two-headed ogre
  6311 | D:9      | Killed a two-headed ogre
  6330 | D:9      | Reached skill level 10 in Shields
  6497 | D:9      | Noticed a two-headed ogre
  6504 | D:9      | Killed a two-headed ogre
  6504 | D:9      | Reached skill level 12 in Long Blades
  6666 | D:10     | Entered Level 10 of the Dungeon
  6668 | D:10     | Paralysed by a hornet for 3 turns
  6817 | D:10     | Reached XP level 11. HP: 95/95 MP: 10/10
  6896 | D:10     | Found a staircase to the Orcish Mines.
  6922 | D:10     | Noticed Duffy's ghost (journeyman FoWn)
  6942 | D:10     | Killed Duffy's ghost
  6942 | D:10     | Reached skill level 10 in Armour
  7007 | D:9      | Bought a shimmering cloak for 247 gold pieces
  7018 | D:9      | Identified the +1 cloak of Catatonia {rElec Str-2 Int+4 Dex+4} (You bought it in a shop on level 9 of the Dungeon)
  7083 | D:10     | Found a staircase to the Lair.
  7170 | D:10     | Reached ***** piety under Trog
  7293 | D:10     | Noticed a two-headed ogre
  7298 | D:10     | Killed a two-headed ogre
  7844 | D:11     | Noticed a two-headed ogre
  7858 | D:11     | Killed a two-headed ogre
  7858 | D:11     | Reached skill level 13 in Long Blades
  8379 | D:11     | Noticed a green ugly thing
  8397 | D:11     | Killed a green ugly thing
  8405 | D:11     | Reached skill level 10 in Fighting
  8700 | D:12     | Noticed a purple ugly thing
  8703 | D:12     | Killed a purple ugly thing
  8731 | D:12     | Noticed a red ugly thing
  8742 | D:12     | Killed a red ugly thing
  8818 | D:12     | Noticed Kirke
  8824 | D:12     | Noticed a lindwurm
  8829 | D:12     | Killed Kirke
  8829 | D:12     | Received a gift from Trog
  8829 | D:12     | Reached skill level 14 in Long Blades
  8829 | D:12     | Reached XP level 12. HP: 94/107 MP: 11/11
  8960 | D:12     | Got a flickering golden ring
  8962 | D:12     | Identified the ring "Luysyuhon" {Wiz rF+ rN+ MR+ Str+4} (You found it on level 12 of the Dungeon)
  9461 | D:13     | Noticed a centaur warrior
  9493 | D:13     | Killed a centaur warrior
  9695 | D:13     | Noticed a centaur warrior
  9698 | D:13     | Killed a centaur warrior
  9983 | D:13     | Noticed a vault guard
 10006 | D:13     | Noticed a vault guard
 10118 | D:13     | Noticed a vault guard
 10139 | D:13     | Killed a vault guard
 10184 | D:13     | Reached skill level 15 in Long Blades
 10193 | D:13     | Killed a vault guard
 10193 | D:13     | Reached XP level 13. HP: 117/117 MP: 12/12
 10285 | D:13     | Found a gate to the Vaults.
 10464 | D:13     | Received a gift from Trog
 10554 | D:13     | Reached skill level 1 in Stealth
 10645 | D:14     | Found a labyrinth entrance.
 10709 | Lab      | Entered a labyrinth
 11190 | Lab      | Paralysed by fainting for 10 turns
 11319 | Lab      | Noticed a minotaur
 11325 | Lab      | Killed a minotaur
 11328 | Lab      | Got a crude bronze ring
 11330 | Lab      | Identified the ring "Coagrar" {rCorr Int+2} (You found it in a labyrinth)
 11340 | Lab      | Got a scorched short sword
 11345 | D:14     | Identified the +8 short sword of the Mosquito {antimagic, *Slow rPois Dex+4} (You found it in a labyrinth)
 11441 | D:14     | Reached skill level 5 in Dodging
 12257 | D:15     | Entered Level 15 of the Dungeon
 12576 | D:15     | Received a gift from Trog
 12593 | D:15     | Reached skill level 16 in Long Blades
 13044 | D:15     | Reached XP level 14. HP: 108/129 MP: 4/13
 13348 | D:15     | Found a shimmering altar of Xom.
 13472 | D:15     | Gained mutation: Scrolls take you a little longer to read. [a shining eye]
 13492 | D:15     | Found a staircase to the Depths.
 14173 | Depths:1 | Entered Level 1 of the Depths
 14790 | Orc:1    | Entered Level 1 of the Orcish Mines
 14958 | Orc:1    | Received a gift from Trog
 15134 | Orc:1    | Found a roughly hewn altar of Beogh.
 15256 | Orc:2    | Entered Level 2 of the Orcish Mines
 15291 | Orc:2    | Found Ilum's Assorted Antiques.
 15340 | Orc:2    | Reached skill level 15 in Shields
 15621 | Orc:2    | Found Ekytaisa's Book Shoppe.
 15623 | Orc:2    | Found Kucuboug's Armour Shop.
 15673 | Orc:2    | Bought a glowing steel amulet for 95 gold pieces
 15684 | Orc:2    | Noticed Erolcha
 15696 | Orc:2    | Killed Erolcha
 15723 | Orc:2    | Found Zecuew's Gadget Shoppe.
 16043 | Orc:2    | Found a staircase to the Elven Halls.
 16239 | Orc:2    | Bought a manual of Long Blades for 1104 gold pieces
 16467 | Lair:1   | Entered Level 1 of the Lair of Beasts
 16510 | Lair:1   | Found a dark tunnel.
 16525 | Volcano  | Entered a volcano
 16554 | Volcano  | Reached skill level 17 in Long Blades
 17368 | Lair:1   | Reached XP level 15. HP: 139/139 MP: 4/14
 17587 | Lair:1   | Reached skill level 1 in Evocations
 17587 | Lair:1   | Reached XP level 16. HP: 147/147 MP: 4/16
 17875 | Lair:2   | Found a deep blue altar of Sif Muna.
 17882 | Lair:2   | Noticed Fannar
 17898 | Lair:2   | Killed Fannar
 18121 | Lair:2   | Found a staircase to the Shoals.
 18203 | Lair:3   | Received a gift from Trog
 18936 | Lair:3   | Reached skill level 18 in Long Blades
 18995 | Lair:3   | Reached skill level 15 in Fighting
 19246 | Lair:4   | Found a hole to the Spider Nest.
 19544 | Lair:4   | Reached ****** piety under Trog
 19820 | Lair:4   | Received a gift from Trog
 20601 | Lair:5   | Found a staircase to the Slime Pits.
 21185 | Lair:6   | Entered Level 6 of the Lair of Beasts
 21491 | Lair:6   | Received a gift from Trog
 21553 | Lair:6   | Reached skill level 19 in Long Blades
 22774 | Elf:1    | Entered Level 1 of the Elven Halls
 22889 | Elf:1    | Found Xopekuime's Book Emporium.
 22946 | Elf:1    | Received a gift from Trog
 22998 | Elf:1    | Found Gebes's General Store.
 23070 | Elf:1    | Reached XP level 17. HP: 156/158 MP: 5/17
 23090 | Elf:1    | Reached skill level 20 in Long Blades
 23338 | Elf:1    | Noticed an Ice Fiend
 23339 | Elf:1    | Gained mutation: You have a pair of large horns on your head. [a cacodemon]
 23525 | Elf:1    | Received a gift from Trog
 23823 | D:15     | Lost mutation: Scrolls take you a little longer to read. [potion of cure mutation]
 23823 | D:15     | Lost mutation: You have a pair of large horns on your head. [potion of cure mutation]
 24183 | Elf:1    | Found Qountaicac's Assorted Antiques.
 24192 | Elf:1    | Bought a scroll of identify for 58 gold pieces
 24222 | Elf:1    | You fall through a shaft!
 24288 | Elf:2    | Reached skill level 21 in Long Blades
 24304 | Elf:1    | Found Jyth's Weapon Boutique.
 24515 | Elf:1    | Found Buzastagel's Antique Armour Shoppe.
 24520 | Elf:1    | Bought a pair of faintly glowing boots for 256 gold pieces
 24530 | Elf:1    | Identified the +2 pair of boots of Nacyar {*Slow Regen+ Dex+7 Slay-6} (You bought it in a shop on level 1 of the Elven Halls)
 24598 | Elf:1    | Cast into level 3 of the Abyss (war axe of distortion)
 24600 | Abyss:3  | Noticed a Hell Sentinel
 24801 | Abyss:3  | Found a corrupted altar of Lugonu.
 24810 | Abyss:3  | Found a deep blue altar of Sif Muna.
 24822 | Abyss:3  | Noticed a Hell Sentinel
 24831 | Abyss:3  | Gained mutation: You are occasionally teleported next to monsters. [a cacodemon]
 24847 | Abyss:3  | Killed from afar by a purple draconian stormcaller (illusionary)

Vault maps used:
D:1:      minmay_arrival_wavy_path, amethyst_killhole
D:2:      minmay_door_path, first_bread
D:3:      serial_curves, eino_curves_03, eino_curves_03, uniq_terence
D:5:      serial_bayou, serial_bayou_pond_c, serial_bayou_pond_d,
          serial_bayou_ford_a, serial_bayou_lake_a
D:7:      lightli_ossuary_entry_decrepit_ruins
D:8:      uniq_grum
D:9:      okawaru_trees_2, basic_altar, serial_shops, shop,
          nicolae_shop_waterfront, shop, uniq_erica
D:10:     lair_entry_dummy, hiddenorc1_lemuel, hangedman_pestilent_swarm
D:12:     uniq_kirke
D:13:     grunt_vaults_entry_fortified
D:14:     nrook_guardian_serpent_snake_passage, minmay_strange_pillars,
          lab_entry_generic
D:15:     gammafunk_enter_depths_forms, basic_altar, chequers_big_river,
          hangedman_abyss_or_decor_slice, pf_eden
Temple:   regret_index_temple_chain_breaker
Lair:1:   enter_volcano_2, infiniplex_staircase_pool_2
Lair:2:   minmay_shoals_entry_hut, basic_altar, uniq_fannar
Lair:3:   worms_lemuel, grunt_megastairs_5
Lair:4:   nicolae_spider_entry_non_spiders
Lair:5:   minmay_slime_entry_oklob_enclosed, roderic_batcave,
          serial_bayou_shore_a, serial_bayou_shore_b, minmay_lair_oklob_chamber,
          serial_bayou_shore_b, lemuel_fruit_tree
Lair:6:   grunt_lair_end_beastmaster
Orc:1:    david_defended_altar_orc
Orc:2:    st_orc_open, uniq_erolcha
Elf:1:    serial_shops, nicolae_shop_stone, shop, shop,
          nicolae_shop_behind_doors, shop, orc_legates,
          kennysheep_underground_church
Elf:2:    minmay_shoptagon, uniq_nikola, uniq_asterion, uniq_saint_roka
Depths:1: enter_ziggurat_b, hellmouth_1, abyss_entry, st_stairs_9,
          serial_bayou_crossing, minmay_shop_star
Abyss:3:  hangedman_cross_veins, hangedman_abyss_or_decor_jellyfish_corner,
          minivault_1, nicolae_abyss_rune_left_handed, evilmike_abyss_exit_10
Lab:      labyrinth_skeletal_remains, nicolae_lab_quarters
Ossuary:  ossuary_tomb_3
Volcano:  volcano_aerie

Skill      XL: |  1  2  3  4  5  6  7  8  9 10 11 12 13 14 15 16 17 |
---------------+----------------------------------------------------+-----
Fighting       | 4 5 6 7 8 10 11 13 14 16 | 16.7
Long Blades    | 3 4 5 7 8 10 12 14 15 16 17 19 21 | 21.2
Shields        | 4 5 6 7 9 10 11 13 14 15 16 17 18 | 18.1
Armour         | 4 5 6 7 8 9 10 11 12 13 14 | 14.7
Dodging        | 1 2 3 4 5 6 7 |  7.3
Axes           | 2 3 |  3.4
Stealth        | 1 2 |  2.5
Evocations     | 1 |  1.5

Action                   |  1- 3 |  4- 6 |  7- 9 | 10-12 | 13-15 | 16-18 || total
-------------------------+-------+-------+-------+-------+-------+-------++-------
Melee: Long sword        |   109 |    95 |   457 |    54 |       |       ||   715
       Headbutt          |    17 |    26 |    87 |   141 |   269 |   250 ||   790
       Scimitar          |       |       |       |   454 |    57 |   110 ||   621
       Demon blade       |       |       |       |       |   738 |   763 ||  1501
Invok: Burn Spellbooks   |       |       |       |       |     2 |     3 ||     5
       Trog's Hand       |       |       |       |       |     3 |     1 ||     4
       Berserk           |       |       |       |       |     2 |       ||     2
       Brothers in Arms  |       |       |       |       |       |     3 ||     3
Evoke: Wand              |       |       |       |       |       |     1 ||     1
  Use: Potion            |       |       |     2 |     3 |     4 |     2 ||    11
       Scroll            |       |       |     2 |    13 |     4 |    14 ||    33
  Eat: Chunk             |     1 |     4 |    14 |    18 |    12 |    14 ||    63
       Bread ration      |       |       |       |       |     3 |     2 ||     5
       Fruit             |       |       |       |       |     2 |       ||     2
       Pizza             |       |       |       |       |     1 |       ||     1
Armor: Scale mail        |    28 |       |       |       |       |       ||    28
       Chain mail        |     5 |    39 |   224 |   290 |   332 |   317 ||  1207
       Plate armour      |       |       |       |       |       |     2 ||     2
Dodge: Dodged            |    27 |    16 |   108 |   119 |   224 |   221 ||   715
Block: Shield            |    72 |    48 |   233 |   248 |   427 |   368 ||  1396
       Large shield      |       |       |       |       |       |   140 ||   140
       Rpst.: Long sword |     5 |     2 |    35 |     2 |       |       ||    44
       Scimitar          |       |       |       |    25 |     1 |     5 ||    31
       Demon blade       |       |       |       |       |    34 |    34 ||    68
